 Dungeon Crawl Stone Soup version 0.23-a0-164-g7711e57 (webtiles) character file.

9788 grindst0ne the Martial Artist (level 11, -6/83 HPs)
             Began as a Gnoll Transmuter on Sept 9, 2018.
             Was an Initiate of Cheibriados.
             Mangled by an orc
             ... wielding a +0 flail
              (18 damage)
             ... on level 10 of the Dungeon.
             The game lasted 00:32:57 (13464 turns).

grindst0ne the Martial Artist (Gnoll Transmuter)   Turns: 13464, Time: 00:32:58

Health: -6/83      AC:  5    Str: 13    XL:     11   Next: 52%
Magic:  17/23      EV: 18    Int: 23    God:    Cheibriados [......]
Gold:   178        SH:  0    Dex: 18    Spells: 7/26 levels left

rFire    . . .     SeeInvis .     - Unarmed
rCold    + . .     Gourm    .   (shield currently unavailable)
rNeg     . . .     Faith    .   y - +0 robe {rC+}
rPois    .         Spirit   .   t - +0 helmet
rElec    .         Reflect  .   (no cloak)
rCorr    .         Harm     .   (gloves currently unavailable)
MR       +....                  H - +0 pair of boots
Stlth    +++.......             k - amulet of magic regeneration
HPRegen  0.23/turn              n - +4 ring of intelligence
MPRegen  0.43/turn              v - ring of protection from magic

@: blade hands, very slow
A: distributed training, fangs 1, strong nose
a: End Transformation, Bend Time, Renounce Religion


You were on level 10 of the Dungeon.
You worshipped Cheibriados.
Cheibriados was noncommittal.
You were not hungry.
You had blades for hands.
You visited 2 branches of the dungeon, and saw 11 of its levels.
You also visited: Bailey.

You collected 319 gold pieces.
You spent 141 gold pieces at shops.

Inventory:

Hand Weapons
 a - a +0 blowgun (melded)
 b - a +0 rapier of venom
 m - a +0 broad axe
 p - a +1 short sword of electrocution
 u - a +0 quick blade
Missiles
 q - 66 poisoned needles
 w - 75 arrows
 C - 3 throwing nets (quivered)
 E - 6 poisoned javelins
Armour
 t - a +0 helmet (worn)
 y - a +0 robe of cold resistance (worn)
 H - a +0 pair of boots (worn)
 P - a +0 buckler (melded)
 W - a cursed +0 crystal plate armour
 Y - a +0 plate armour of fire resistance
Magical Staves
 N - an uncursed staff of air
Jewellery
 e - a +4 ring of evasion {unknown}
 g - a +5 ring of protection {unknown}
 k - an amulet of magic regeneration (around neck)
 n - a +4 ring of intelligence (left scythe-like blade)
 v - a ring of protection from magic (right scythe-like blade)
 M - an uncursed ring of ice {unknown}
Wands
 h - a wand of polymorph (22)
 A - a wand of digging (17)
Scrolls
 c - 6 scrolls of enchant weapon {unknown}
 r - 2 scrolls of teleportation {unknown}
 x - a scroll of immolation {unknown}
 B - a scroll of magic mapping {unknown}
 F - a scroll of enchant armour
 G - a scroll of fog {unknown}
 I - a scroll of remove curse {unknown}
 K - 3 scrolls of fear {unknown}
 O - 2 scrolls of identify
 R - a scroll of blinking {unknown}
 S - a scroll of random uselessness {unknown}
 V - a scroll of summoning {unknown}
Potions
 f - 5 potions of curing
 i - 3 potions of might
 j - a potion of heal wounds {unknown}
 l - 2 potions of brilliance
 o - 2 potions of mutation
 s - 2 potions of agility {unknown}
 z - 2 potions of haste
 D - 2 potions of berserk rage
 J - a potion of resistance
 Q - a potion of flight {unknown}
 T - a potion of lignification {unknown}
 X - a potion of experience {unknown}
Miscellaneous
 L - a lamp of fire (inert)
Comestibles
 d - 27 rations
 U - 2 chunks of flesh


   Skills:
 + Level 6.8 Fighting
 + Level 6.2 Short Blades
 + Level 6.2 Long Blades
 + Level 6.2 Axes
 + Level 6.2 Maces & Flails
 + Level 6.2 Polearms
 + Level 6.2 Staves
 + Level 6.2 Slings
 + Level 6.2 Bows
 + Level 6.2 Crossbows
 + Level 6.2 Throwing
 + Level 6.2 Armour
 + Level 7.8 Dodging
 + Level 6.2 Stealth
 + Level 6.2 Shields
 + Level 9.1 Unarmed Combat
 + Level 8.1 Spellcasting
 + Level 5.2 Conjurations
 + Level 5.2 Hexes
 + Level 5.2 Charms
 + Level 5.2 Summonings
 + Level 5.2 Necromancy
 + Level 5.2 Translocations
 + Level 6.5 Transmutations
 + Level 5.2 Fire Magic
 + Level 5.2 Ice Magic
 + Level 5.2 Air Magic
 + Level 5.2 Earth Magic
 + Level 5.2 Poison Magic
 + Level 6.9 Invocations
 + Level 6.2 Evocations


You had 7 spell levels left.
You knew the following spells:

 Your Spells              Type           Power        Failure   Level  Hunger
a - Beastly Appendage     Tmut           #####.       12%         1    None
b - Sticks to Snakes      Tmut           #####...     13%         2    None
c - Spider Form           Tmut/Pois      #####.....   21%         3    None
d - Blink                 Tloc           N/A          17%         2    None
e - Mephitic Cloud        Conj/Pois/Air  ####....     24%         3    None
f - Blade Hands           Tmut           #####.....   52%         5    #####..
g - Regeneration          Chrm/Necr      ####......   24%         3    None

Your spell library contained the following spells:

 Spells                   Type           Power        Failure   Level  Hunger
 Infusion                 Chrm           ####         14%         1    None
 Magic Dart               Conj           ####         14%         1    None
 Call Imp                 Summ           ####....     17%         2    None
 Shroud of Golubria       Chrm/Tloc      ####......   17%         2    None
 Slow                     Hex            ####....     17%         2    None
 Song of Slaying          Chrm           ####....     17%         2    None
 Conjure Flame            Conj/Fire      ####....     24%         3    None
 Spectral Weapon          Hex/Chrm       ####....     24%         3    None
 Ice Form                 Ice/Tmut       #####...     36%         4    ###....


Dungeon Overview and Level Annotations

Branches:
Dungeon (10/15)            Temple (1/1) D:7             Orc (0/2) D:9
   Lair: D:8-11

Altars:
Ashenzari
Cheibriados
Dithmenos
Elyvilon
Fedhas
Gozag
Hepliaklqana
Kikubaaqudgha
Makhleb
Nemelex Xobeh
Okawaru
Qazlal
Ru
Sif Muna
Trog
Uskayaw
Vehumet
Wu Jian
Xom
Yredelemnul
Zin
The Shining One

Shops:
D:4 (   D:5 ?   D:8 *

Annotations:
D:7 3 runed doors, derval's ghost, novice GnTm
D:10 Erica


Innate Abilities, Weirdness & Mutations

Your experience applies equally to all skills.
You have very sharp teeth.
Your uncanny sense of smell can sniff out nearby items.


Message History

The orc knight roars a battlecry!
The orc goes into a battle-frenzy!
You hear a shout!
A centaur warrior comes into view.
An orc wizard comes into view. It is wielding a dagger.
A bullfrog simulacrum comes into view.
The orc hits you with a flail of holy wrath.
An orc and an orc wizard come into view.
The orc wizard gestures wildly while chanting.
The orc wizard flickers and vanishes!
Something hits you!
* * * LOW HITPOINT WARNING * * *
Something burns you.
* * * LOW HITPOINT WARNING * * *
The orc wizard falls through a shaft!
The shaft crumbles and collapses.
Found 16 gold pieces.
The hound barks!
You hear a shout!
The orc hits you with a flail!
* * * LOW HITPOINT WARNING * * *
You feel better. The orc hits you with a flail!!
You die...

.......# ∆
###.....##########
#....>..#........# #
#)(.o...<.......
..#.#.()..#.........
......o)(o.#.........
....o#§.o..##........
.o.##...(..##........
.# #..##..##@Z......
#.# ##o.o........
.<..o.c###........
.......h #........
..h...... #........
#.Z...... .........
....c. .......$.
...... .........
.#.....


You could see a centaur warrior, a bullfrog simulacrum and 3 orcs.

Vanquished Creatures
  A two-headed ogre (D:8)
  Pikel (D:4)
  An orc knight (Bailey)
  Joseph (D:7)
  A gargoyle (D:7)
  A komodo dragon (D:7)
  A troll (D:9)
  2 hippogriffs (D:7)
  A meliai zombie (D:8)
  A vampire (D:9)
  3 hogs (D:8)
  A human (D:8)
  Eustachio (D:4)
  Edmund (D:5)
  A water moccasin (D:5)
  An ice beast (D:5)
  A black bear (D:8)
  15 orc warriors
  A sky beast (D:7)
  An eye of draining (D:8)
  6 ogres
  A centaur (D:9)
  4 phantoms
  A big kobold (D:8)
  8 bullfrogs
  A wyvern zombie (D:8)
  5 scorpions
  4 wights (D:9)
  3 killer bees (D:8)
  3 bullfrog zombies
  2 centaur zombies (D:6)
  6 crimson imps
  A quasit (D:7)
  7 hounds
  5 orc priests
  6 orc wizards
  2 centaur skeletons (D:7)
  Ijyb (D:5)
  5 iguanas
  10 worker ants
  3 killer bee zombies
  A worker ant zombie (D:5)
  Robin (D:3)
  A howler monkey zombie (D:5)
  A gnoll (D:1)
  6 adders
  A shadow imp (D:7)
  2 oozes
  An adder skeleton (D:4)
  2 worms
  4 dart slugs (D:1)
  2 leopard geckos
  36 orcs
  3 ball pythons
  6 giant cockroaches
  10 goblins
  12 hobgoblins
  15 jackals
  5 quokkas
  9 bats
  7 frilled lizards
  A jackal zombie (D:5)
  11 kobolds
  4 quokka skeletons
  A quokka zombie (D:7)
  4 rats
267 creatures vanquished.

Vanquished Creatures (collateral kills)
  Prince Ribbit (D:5)
  A hog (D:7)
  A bullfrog (D:8)
  A wight (D:9)
  2 orcs (Bailey)
6 creatures vanquished.

Vanquished Creatures (others)
  An orc (D:10)
1 creature vanquished.

Grand Total: 274 creatures vanquished

Notes
Turn   | Place    | Note
-------+----------+-------------------------------------------
     0 | D:1      | grindst0ne the Gnoll Transmuter began the quest for the
                  | Orb.
     0 | D:1      | Reached XP level 1. HP: 17/17 MP: 6/6
    50 | D:1      | Reached XP level 2. HP: 23/23 MP: 5/7
    79 | D:1      | Learned a level 2 spell: Sticks to Snakes
   143 | D:1      | Reached XP level 3. HP: 25/28 MP: 9/9
   198 | D:1      | Found a shimmering altar of Xom.
   212 | D:1      | Reached skill level 5 in Spellcasting
   509 | D:1      | Reached skill level 1 in Invocations
   718 | D:1      | Learned a level 3 spell: Spider Form
   735 | D:2      | Found a bloodstained altar of Trog.
   798 | D:2      | Reached skill level 1 in Short Blades
   798 | D:2      | Reached skill level 1 in Long Blades
   798 | D:2      | Reached skill level 1 in Axes
   798 | D:2      | Reached skill level 1 in Maces & Flails
   798 | D:2      | Reached skill level 1 in Polearms
   798 | D:2      | Reached skill level 1 in Staves
   798 | D:2      | Reached skill level 1 in Slings
   798 | D:2      | Reached skill level 1 in Bows
   798 | D:2      | Reached skill level 1 in Crossbows
   798 | D:2      | Reached skill level 1 in Throwing
   798 | D:2      | Reached skill level 1 in Armour
   798 | D:2      | Reached skill level 1 in Stealth
   798 | D:2      | Reached skill level 1 in Shields
   798 | D:2      | Reached skill level 1 in Evocations
   798 | D:2      | Reached XP level 4. HP: 30/34 MP: 11/11
  1270 | D:3      | Reached skill level 1 in Conjurations
  1270 | D:3      | Reached skill level 1 in Hexes
  1270 | D:3      | Reached skill level 1 in Charms
  1270 | D:3      | Reached skill level 1 in Summonings
  1270 | D:3      | Reached skill level 1 in Necromancy
  1270 | D:3      | Reached skill level 1 in Translocations
  1270 | D:3      | Reached skill level 1 in Fire Magic
  1270 | D:3      | Reached skill level 1 in Ice Magic
  1270 | D:3      | Reached skill level 1 in Air Magic
  1270 | D:3      | Reached skill level 1 in Earth Magic
  1270 | D:3      | Reached skill level 1 in Poison Magic
  1488 | D:3      | Reached XP level 5. HP: 29/40 MP: 9/12
  1703 | D:3      | Noticed Robin
  1723 | D:3      | Killed Robin
  1963 | D:4      | Noticed a phantom
  1999 | D:4      | Killed a phantom
  1999 | D:4      | Reached XP level 6. HP: 42/47 MP: 14/14
  2184 | D:4      | Reached skill level 5 in Dodging
  2231 | D:4      | Found Pem Somp's Weapon Shop.
  2234 | D:4      | Bought a +0 blowgun for 27 gold pieces
  2309 | D:4      | Found a sparkling altar of Nemelex Xobeh.
  2406 | D:4      | Reached XP level 7. HP: 46/52 MP: 11/15
  2474 | D:4      | Noticed Eustachio
  2485 | D:4      | Killed Eustachio
  2485 | D:4      | Reached skill level 7 in Unarmed Combat
  2847 | D:4      | Noticed Pikel
  2863 | D:4      | Killed Pikel
  2863 | D:4      | Reached XP level 8. HP: 38/60 MP: 10/16
  3144 | D:4      | Found a radiant altar of Vehumet.
  3573 | D:5      | Entered Level 5 of the Dungeon
  3573 | D:5      | Found an iron altar of Okawaru.
  3795 | D:5      | Learned a level 2 spell: Blink
  3799 | D:5      | Learned a level 3 spell: Mephitic Cloud
  3805 | D:5      | Learned a level 5 spell: Blade Hands
  4469 | D:5      | Found Rison's Magic Scroll Shoppe.
  4494 | D:5      | Bought a scroll of identify for 24 gold pieces
  4494 | D:5      | Bought a scroll of enchant armour for 90 gold pieces
  4508 | D:5      | Noticed Prince Ribbit
  4515 | D:5      | Killed Prince Ribbit
  4515 | D:5      | Reached skill level 5 in Transmutations
  4515 | D:5      | Reached XP level 9. HP: 31/66 MP: 12/18
  4539 | D:5      | Found a burning altar of Makhleb.
  4853 | D:5      | Noticed Ijyb
  4883 | D:5      | Killed Ijyb
  4947 | D:5      | Noticed Edmund
  4959 | D:5      | Killed Edmund
  5297 | D:6      | Found a stormy altar of Qazlal.
  5299 | D:6      | Found a glowing silver altar of Zin.
  5301 | D:6      | Found a deep blue altar of Sif Muna.
  5301 | D:6      | Found an ornate altar of the Wu Jian Council.
  5765 | D:6      | Reached skill level 5 in Fighting
  5963 | D:7      | Found a staircase to the Ecumenical Temple.
  5986 | Temple   | Entered the Ecumenical Temple
  6296 | D:7      | Reached skill level 8 in Unarmed Combat
  6344 | D:7      | Reached skill level 5 in Invocations
  6676 | D:7      | Noticed a gargoyle
  6745 | D:7      | Killed a gargoyle
  6745 | D:7      | Reached XP level 10. HP: 33/74 MP: 20/20
  6940 | D:7      | Noticed Joseph
  6959 | D:7      | Killed Joseph
  6981 | D:7      | Reached skill level 5 in Short Blades
  6981 | D:7      | Reached skill level 5 in Long Blades
  6981 | D:7      | Reached skill level 5 in Axes
  6981 | D:7      | Reached skill level 5 in Maces & Flails
  6981 | D:7      | Reached skill level 5 in Polearms
  6981 | D:7      | Reached skill level 5 in Staves
  6981 | D:7      | Reached skill level 5 in Slings
  6981 | D:7      | Reached skill level 5 in Bows
  6981 | D:7      | Reached skill level 5 in Crossbows
  6981 | D:7      | Reached skill level 5 in Throwing
  6981 | D:7      | Reached skill level 5 in Armour
  6981 | D:7      | Reached skill level 5 in Stealth
  6981 | D:7      | Reached skill level 5 in Shields
  6981 | D:7      | Reached skill level 5 in Evocations
  7316 | D:7      | Found a runed gate.
  7316 | D:7      | Found a runed gate.
  7316 | D:7      | Found a runed gate.
  7316 | D:7      | Noticed derval's ghost (novice GnTm)
  8418 | D:8      | Found Subuishu's Assorted Antiques.
  8690 | D:7      | HP: 3/76 [hog (9)]
  9091 | D:8      | Noticed a two-headed ogre
  9099 | D:8      | Killed a two-headed ogre
  9099 | D:8      | Reached XP level 11. HP: 82/82 MP: 22/22
  9690 | Temple   | Became a worshipper of Ru the Awakened
 10076 | D:9      | Found an opulent altar of Gozag.
 10244 | D:9      | Reached skill level 9 in Unarmed Combat
 10425 | D:9      | Learned a level 3 spell: Regeneration
 10517 | D:9      | Found a snail-covered altar of Cheibriados.
 10546 | D:9      | Fell from the grace of Ru
 10546 | D:9      | Became a worshipper of Cheibriados the Contemplative
 10578 | D:9      | Reached skill level 5 in Conjurations
 10578 | D:9      | Reached skill level 5 in Hexes
 10578 | D:9      | Reached skill level 5 in Charms
 10578 | D:9      | Reached skill level 5 in Summonings
 10578 | D:9      | Reached skill level 5 in Necromancy
 10578 | D:9      | Reached skill level 5 in Translocations
 10578 | D:9      | Reached skill level 5 in Fire Magic
 10578 | D:9      | Reached skill level 5 in Ice Magic
 10578 | D:9      | Reached skill level 5 in Air Magic
 10578 | D:9      | Reached skill level 5 in Earth Magic
 10578 | D:9      | Reached skill level 5 in Poison Magic
 11211 | D:9      | Found a staircase to the Orcish Mines.
 11280 | D:10     | Entered Level 10 of the Dungeon
 11280 | D:10     | Found a flagged portal.
 11281 | D:10     | Noticed an orc knight
 11282 | D:10     | Noticed an enchanted great sword
 11285 | D:10     | Noticed Erica
 11287 | Bailey   | Entered a bailey
 13194 | Bailey   | Noticed an orc knight
 13239 | Bailey   | Killed an orc knight
 13349 | Bailey   | Found a roughly hewn altar of Beogh.
 13450 | D:10     | Noticed an orc knight
 13460 | D:10     | Noticed a centaur warrior
 13463 | D:10     | HP: 4/83 [orc/flail (10)]
 13464 | D:10     | Mangled by an orc

Vault maps used:
D:1:      tarquinn_simple_flora_water_c, serial_glass, glass_columns_a,
          glass_columns_b, xom_teletrap_fun
D:2:      lemuel_crystal_altar
D:3:      first_ration, uniq_robin
D:4:      nemelex_xobeh_ov_fountains_minmay, fiery_altar_vehumet, serial_shops,
          shop, kennysheep_opposing_triangles, uniq_eustachio, uniq_pikel
D:5:      okawaru_metal_pillars_3, makhleb_blood_cavern_becter, serial_shops,
          nicolae_shop_trees, minmay_crystal_water, uniq_ijyb, uniq_edmund,
          uniq_prince_ribbit1
D:6:      grunt_temple_overflow_open, eino_curves_01
D:7:      minmay_the_grid_plus, minmay_temple_entry_statues_fountains,
          gammafunk_ghost_necromancy, uniq_joseph
D:8:      serial_shops, shop, grunt_livestock
D:9:      kennysheep_mini, grunt_gozag_statues, grunt_ministairs_6
D:10:     serial_ice, serial_ice_a, serial_ice_j, serial_ice_f, serial_ice_h,
          serial_ice_d, serial_ice_o, serial_ice_e, serial_ice_c,
          enter_bailey_2, sword_in_stone, uniq_maurice
Temple:   cyrus_temple_forest
Bailey:   bailey_polearm_2, bailey

Skill      XL: |  1  2  3  4  5  6  7  8  9 10 11 |
---------------+----------------------------------+-----
Spellcasting   | 5 6 7 8 |  8.1
Invocations    | 1 2 3 4 5 6 |  6.9
Short Blades   | 1 2 3 4 5 6 |  6.2
Long Blades    | 1 2 3 4 5 6 |  6.2
Axes           | 1 2 3 4 5 6 |  6.2
Maces & Flails | 1 2 3 4 5 6 |  6.2
Polearms       | 1 2 3 4 5 6 |  6.2
Staves         | 1 2 3 4 5 6 |  6.2
Slings         | 1 2 3 4 5 6 |  6.2
Bows           | 1 2 3 4 5 6 |  6.2
Crossbows      | 1 2 3 4 5 6 |  6.2
Throwing       | 1 2 3 4 5 6 |  6.2
Armour         | 1 2 3 4 5 6 |  6.2
Stealth        | 1 2 3 4 5 6 |  6.2
Shields        | 1 2 3 4 5 6 |  6.2
Evocations     | 1 2 3 4 5 6 |  6.2
Conjurations   | 1 2 3 4 5 |  5.2
Hexes          | 1 2 3 4 5 |  5.2
Charms         | 1 2 3 4 5 |  5.2
Summonings     | 1 2 3 4 5 |  5.2
Necromancy     | 1 2 3 4 5 |  5.2
Translocations | 1 2 3 4 5 |  5.2
Fire Magic     | 1 2 3 4 5 |  5.2
Ice Magic      | 1 2 3 4 5 |  5.2
Air Magic      | 1 2 3 4 5 |  5.2
Earth Magic    | 1 2 3 4 5 |  5.2
Poison Magic   | 1 2 3 4 5 |  5.2
Fighting       | 3 4 5 6 |  6.8
Transmutations | 4 5 6 |  6.5
Dodging        | 5 6 7 |  7.8
Unarmed Combat | 7 8 9 |  9.1

Action                   |  1- 3 |  4- 6 |  7- 9 | 10-12 || total
-------------------------+-------+-------+-------+-------++-------
Melee: Unarmed           |    82 |   109 |   299 |   420 ||   910
       Bite              |     9 |     2 |     3 |     5 ||    19
       Short sword       |       |    18 |       |       ||    18
       Rapier            |       |       |    18 |    16 ||    34
 Fire: Blowgun           |       |     4 |     2 |    12 ||    18
Throw: Throwing net      |       |       |       |     1 ||     1
 Cast: Beastly Appendage |     2 |       |       |       ||     2
       Spider Form       |     2 |    22 |    35 |    47 ||   106
       Sticks to Snakes  |       |       |     8 |    29 ||    37
       Mephitic Cloud    |       |       |       |     3 ||     3
       Blade Hands       |       |       |       |     3 ||     3
       Regeneration      |       |       |       |     2 ||     2
Evoke: Lamp of fire      |       |       |       |     1 ||     1
       Wand              |       |       |       |     2 ||     2
  Use: Scroll            |       |       |     7 |     2 ||     9
       Potion            |       |       |       |     5 ||     5
 Stab: Sleeping          |     1 |     2 |     4 |     7 ||    14
       Distracted        |       |     1 |       |     4 ||     5
       Invisible         |       |       |       |     2 ||     2
  Eat: Chunk             |       |     6 |    11 |    20 ||    37
       Ration            |       |       |     1 |     1 ||     2
Armor: Robe              |    18 |     1 |     1 |     1 ||    21
       Skin              |     2 |     1 |     5 |     9 ||    17
Dodge: Dodged            |    79 |   119 |   268 |   514 ||   980
Block: Buckler           |       |       |       |    12 ||    12

Table legend:
 A = Non-vault XP
 B = Vault XP
 C = Vault XP percentage of total XP
 D = Non-vault monster count
 E = Vault monster count
 F = Vault count percentage of total count
                 A         B        C        D         E       F
            +---------+---------+-------+---------+---------+-------
      Total |    7583 |    6401 |  45.8 |     199 |      74 |  27.1
            +---------+---------+-------+---------+---------+-------
        D:1 |      57 |       0 |   0.0 |      22 |       0 |   0.0
        D:2 |      45 |       0 |   0.0 |      19 |       0 |   0.0
        D:3 |     107 |      29 |  21.3 |      21 |       8 |  27.6
        D:4 |     622 |     803 |  56.4 |      20 |       6 |  23.1
        D:5 |     620 |     451 |  42.1 |      19 |       4 |  17.4
        D:6 |     708 |       0 |   0.0 |      12 |       0 |   0.0
        D:7 |    1268 |    2230 |  63.8 |      26 |      23 |  46.9
        D:8 |    2399 |     788 |  24.7 |      30 |       4 |  11.8
        D:9 |    1754 |       7 |   0.4 |      29 |       3 |   9.4
       D:10 |       3 |       0 |   0.0 |       1 |       0 |   0.0
     Bailey |       0 |    2093 | 100.0 |       0 |      26 | 100.0
            +---------+---------+-------+---------+---------+-------
